 Dungeon Crawl Stone Soup version 0.23.2 (webtiles) character file.

Game seed: 14878647660082450168

93 Chiseanne the Chiller (level 4, 0/32 HPs)
             Began as a Demonspawn Wanderer on Apr 8, 2019.
             Killed from afar by Crazy Yiuf (8 damage)
             ... with a wand of flame (24)
             ... while paralysed by Crazy Yiuf
             ... on level 2 of the Dungeon.
             The game lasted 00:07:21 (2465 turns).

Chiseanne the Chiller (Demonspawn Wanderer)         Turns: 2465, Time: 00:07:22

Health: 0/32       AC:  6    Str: 17    XL:     4   Next: 37%
Magic:  7/7        EV:  2    Int: 14    God:
Gold:   117        SH:  0    Dex: 13    Spells: 7/8 levels left

rFire    . . .     SeeInvis .   a - +2 dagger
rCold    . . .     Gourm    .   s - +2 buckler
rNeg     . . .     Faith    .   j - +0 ring mail (curse)
rPois    .         Spirit   .   i - +0 helmet
rElec    .         Reflect  .   (no cloak)
rCorr    .         Harm     .   (no gloves)
MR       .....                  (no boots)
Stlth    +.........             w - amulet of regeneration
HPRegen  0.50/turn              (no ring)
MPRegen  0.10/turn              (no ring)

@: paralysed, mighty, slowed
A: claws 1, powered by pain 1
a: no special abilities


You were on level 2 of the Dungeon.
You were very hungry.

You visited 1 branch of the dungeon, and saw 2 of its levels.

You collected 117 gold pieces.

Inventory:

Hand Weapons
 a - a +2 dagger (weapon)
Missiles
 c - 63 stones (quivered)
 g - 44 sling bullets
 l - 6 javelins
 q - 16 arrows
 v - 20 poisoned needles
 x - 27 bolts
Armour
 i - a +0 helmet (worn)
 j - a cursed +0 ring mail (worn)
 s - a +2 buckler (worn)
Jewellery
 n - an uncursed ring of stealth {unknown}
 w - an amulet of regeneration (around neck)
Scrolls
 b - a scroll of fear
 d - 2 scrolls of teleportation
 e - a scroll of blinking
Potions
 h - a potion of brilliance {unknown}
 p - a potion of flight
Comestibles
 f - a ration


   Skills:
 * Level 1.4 Fighting
 * Level 1.3 Armour
 * Level 1.3 Dodging
 - Level 1.7 Stealth
 * Level 0.7 Shields
 * Level 2.5 Spellcasting
 * Level 1.2 Translocations
   Level 1.7 Fire Magic
   Level 3.6 Ice Magic


You had 7 spell levels left.
You knew the following spells:

 Your Spells              Type           Power        Failure   Level  Hunger
a - Apportation           Tloc           #.....       36%         1    #......

Your spell library contained the following spells:

 Spells                   Type           Power        Failure   Level  Hunger
 Teleport Other           Tloc           #.......     75%         3    ###....


Dungeon Overview and Level Annotations

Branches:
Dungeon (2/15)

Altars:
Elyvilon

Annotations:
D:2 Crazy Yiuf


Innate Abilities, Weirdness & Mutations

You have sharp fingernails.
You sometimes gain a little power by taking damage.


Message History

Crazy Yiuf shouts!
You open the door.
Crazy Yiuf says, "Tonal poople blue!"
You hit Crazy Yiuf but do no damage.
Crazy Yiuf hits you with a +4 quarterstaff of chaos.
You feel yourself slow down.
You hit Crazy Yiuf.
Crazy Yiuf is moderately wounded.
Crazy Yiuf barely misses you.
Crazy Yiuf hits you with a +4 quarterstaff of chaos.
You suddenly lose the ability to move!
Crazy Yiuf zaps a wand.
The puff of flame hits you!
You focus on the pain.
You feel very mighty all of a sudden.
Crazy Yiuf zaps a wand.
The puff of flame hits you.
Crazy Yiuf hits you with a +4 quarterstaff of chaos!
* * * LOW HITPOINT WARNING * * *
You focus on the pain.
You feel mightier all of a sudden.
Crazy Yiuf zaps a wand.
The puff of flame hits you!
You die...

........#.# *,#.................
##.#....#.# *,#...........#####.
.#.#.#....# *,#...........#...##
##.#.....## **##########....P...
##.#.###.# #..#.).## ##.#.# *.#
#..#####. ##.#.# *.# ###**
####........ ##.#.# *** #)..###
##........... ##.#.#
#...g@####............ ##.#.#
#...##..#............. ##.#.#
###**###.#............ ##.#.#
##########..... ##.#.# #.....
##.#'###########********* #.....
#..............,,,,,,,,,* #.....
#.............,,*,,,,,,,* #.....
#...........##+#******######.....


You could see Crazy Yiuf.

Vanquished Creatures
  Robin (D:2)
  2 adders (D:2)
  A worm (D:2)
  A dart slug (D:2)
  3 leopard geckos (D:1)
  A bat (D:1)
  3 giant cockroaches
  16 goblins
  5 hobgoblins
  2 jackals (D:1)
  9 frilled lizards
  6 kobolds
  5 rats
55 creatures vanquished.

Notes
Turn   | Place    | Note
-------+----------+-------------------------------------------
     0 | D:1      | Chiseanne the Demonspawn Wanderer began the quest for the
                  | Orb.
     0 | D:1      | Chiseanne set off with the following items: a +2 dagger, a
                  | scroll of fear, a scroll of teleportation, a +0 robe, a
                  | ration; and the following spell memorised: Apportation; and
                  | the following spells available to memorise: Teleport Other
     0 | D:1      | Reached XP level 1. HP: 13/13 MP: 3/3
   459 | D:1      | Gained mutation: You sometimes gain a little power by
                  | taking damage. [demonic ancestry]
   459 | D:1      | Reached XP level 2. HP: 20/20 MP: 5/5
   750 | D:1      | Reached skill level 1 in Fighting
   920 | D:1      | Reached skill level 1 in Dodging
   920 | D:1      | Gained mutation: You have sharp fingernails. [demonic
                  | ancestry]
   920 | D:1      | Reached XP level 3. HP: 25/26 MP: 6/6
  1084 | D:2      | Reached skill level 1 in Translocations
  1570 | D:2      | Reached skill level 1 in Armour
  2009 | D:2      | Found a white marble altar of Elyvilon.
  2063 | D:2      | Noticed Robin
  2066 | D:2      | Reached XP level 4. HP: 22/32 MP: 7/7
  2117 | D:2      | HP: 1/32 [Robin/+0 short sword (7)]
  2153 | D:2      | Killed Robin
  2454 | D:2      | Found a runed translucent door.
  2455 | D:2      | Noticed Crazy Yiuf
  2460 | D:2      | Paralysed by Crazy Yiuf for 7 turns
  2465 | D:2      | Killed from afar by Crazy Yiuf

Skill      XL: |  1  2  3 |
---------------+----------+-----
Fighting       | 1 |  1.4
Dodging        | 1 |  1.3
Translocations | 1 |  1.2
Armour         | 1 |  1.3
Stealth        | |  1.7
Shields        | |  0.7
Spellcasting   | |  2.5
Fire Magic     | |  1.7
Ice Magic      | |  3.6

Action                   |  1- 3 |  4- 6 || total
-------------------------+-------+-------++-------
Melee: Dagger            |   185 |    54 ||   239
  Use: Scroll            |       |     7 ||     7
       Potion            |       |     5 ||     5
 Stab: Sleeping          |     1 |       ||     1
  Eat: Chunk             |     4 |       ||     4
Armor: Ring mail         |    46 |    21 ||    67
       Robe              |     3 |       ||     3
       Skin              |       |     7 ||     7
Dodge: Dodged            |    72 |    20 ||    92
Block: Buckler           |    15 |    11 ||    26
